 Dungeon Crawl Stone Soup version 0.29-a0-341-g24ffce5b50 (webtiles) character file.

Game seed: 17929099774744386500

19135 Essalna the Thaumaturge (level 12, -1/71 HPs)
             Began as a Deep Elf Conjurer on Apr 19, 2022.
             Was an Elder of Vehumet.
             Slain by a vampire mosquito (9 damage)
             ... on level 11 of the Dungeon on Apr 20, 2022.
             The game lasted 00:35:05 (15178 turns).

Essalna the Thaumaturge (Deep Elf Conjurer)        Turns: 15178, Time: 00:35:05

Health: -1/71      AC:  9    Str:  4    XL:     12   Next: 33%
Magic:  2/26       EV: 14    Int: 35    God:    Vehumet [****..]
Gold:   692        SH:  4    Dex: 13    Spells: 23/33 levels left

rFire   + . .      SeeInvis .   q - staff of conjuration
rCold   . . .      Faith    .   Y - +0 buckler
rNeg    . . .      Spirit   .   a - +0 troll leather armour
rPois   .          Reflect  .   S - +2 helmet
rElec   .          Harm     .   c - scarf {repulsion}
rCorr   .          Rampage  .   (no gloves)
Will    +....                   o - +0 pair of boots
Stlth   ++........              x - amulet of the acrobat
HPRegen 0.00/turn               z - ring of protection from fire
MPRegen 0.20/turn               O - +6 ring of intelligence

@: brilliant, inhibited regen, repel missiles
A: low MP 1, inhibited regeneration, noise suppression
a: Renounce Religion


You were on level 11 of the Dungeon.
You worshipped Vehumet.
Vehumet was greatly pleased with you.
You visited 2 branches of the dungeon, and saw 12 of its levels.

You collected 692 gold pieces.

Inventory:

Hand Weapons
 k - the +6 whip of the Whelk {freeze, Fly}
   (You found it on level 2 of the Dungeon)

   It freezes those it strikes, dealing additional cold damage.
   It can also slow down cold-blooded creatures.
   Fly:       It grants you flight.
 R - a +3 dagger of venom
Missiles
 v - 3 throwing nets
Armour
 a - a +0 troll leather armour (worn)
 c - a scarf of repulsion (worn)
 o - a +0 pair of boots (worn)
 I - a +0 robe of willpower
 S - a +2 helmet (worn)
 W - a scarf of invisibility
 X - a +2 cloak of preservation
 Y - a +0 buckler (worn)
Magical Staves
 q - a staff of conjuration (weapon)
 N - a staff of fire
 Q - a staff of cold
Jewellery
 b - a ring of wizardry
 n - an amulet of guardian spirit
 x - an amulet of the acrobat (around neck)
 z - a ring of protection from fire (left hand)
 A - the amulet of the Castellan {Regen+ Str+4 Int-5}
   (You found it on level 5 of the Dungeon)

   [amulet of regeneration]

   Str:       It affects your strength (+4).
   Int:       It affects your intelligence (-5).
   Regen:     It increases your rate of health regeneration.
 O - a +6 ring of intelligence (right hand)
Wands
 K - a wand of acid (7)
 V - a wand of iceblast (4)
Scrolls
 f - 18 scrolls of identify {unknown}
 g - a scroll of enchant weapon
 h - a scroll of immolation {unknown}
 i - 5 scrolls of teleportation {unknown}
 m - 3 scrolls of enchant armour {unknown}
 s - 3 scrolls of vulnerability {unknown}
 t - a scroll of blinking {unknown}
 w - a scroll of amnesia {unknown}
 y - 2 scrolls of fear {unknown}
 C - 2 scrolls of brand weapon {unknown}
 D - 5 scrolls of noise {unknown}
 E - a scroll of holy word {unknown}
 H - 2 scrolls of magic mapping {unknown}
 M - 2 scrolls of fog {unknown}
 P - 4 scrolls of summoning {unknown}
 Z - a scroll of acquirement {unknown}
Potions
 d - a potion of mutation
 e - 12 potions of curing
 j - 4 potions of flight {unknown}
 l - 2 potions of ambrosia {unknown}
 p - 2 potions of heal wounds {unknown}
 r - 3 potions of haste {unknown}
 u - 4 potions of attraction {unknown}
 B - a potion of berserk rage {unknown}
 F - 4 potions of resistance {unknown}
 G - 12 potions of degeneration
 J - a potion of brilliance
 L - 3 potions of cancellation {unknown}
 T - a potion of experience {unknown}
 U - a potion of invisibility {unknown}


   Skills:
 + Level 6.8 Fighting
 + Level 6.7 Armour
 + Level 9.9 Dodging
 - Level 2.4 Stealth
 + Level 1.5 Shields
 + Level 11.4 Spellcasting
 + Level 10.3 Conjurations
 + Level 8.9 Translocations
 - Level 4.2 Ice Magic


You had 23 spell levels left.
You knew the following spells:

 Your Spells              Type           Power      Damage    Failure   Level
a - Magic Dart            Conj           100%       1d8       1%          1
b - Searing Ray           Conj           100%       2d8       1%          2
c - Iskenderun's Mystic   Conj/Tloc      100%       2d19      1%          4
d - Ozocubu's Armour      Ice            65%        N/A       2%          3

Your spell library contained the following spells:

 Spells                   Type           Power      Damage    Failure   Level
 Stone Arrow              Conj/Erth      100%       3d13      1%          3
 Poisonous Vapours        Pois/Air       58%        N/A       1%          2
 Dazzling Flash           Conj/Hex       100%       N/A       1%          3
 Fulminant Prism          Conj/Hex       45%        3d21      1%          4
 Slow                     Hex            100%       N/A       4%          1
 Sting                    Tmut/Pois      100%       1d8       4%          1
 Irradiate                Conj/Tmut      45%        3d28      4%          5
 Sublimation of Blood     Necr           29%        N/A       7%          2
 Olgreb's Toxic Radiance  Pois           29%        N/A       13%         4
 Confusing Touch          Hex            29%        N/A       14%         3
 Vampiric Draining        Necr           29%        2d8       14%         3
 Summon Forest            Summ/Tloc      33%        N/A       22%         5
 Petrify                  Tmut/Erth      29%        N/A       43%         4
 Summon Lightning Spire   Summ/Air       29%        N/A       43%         4
 Metabolic Englaciation   Hex/Ice        25%        N/A       50%         5
 Spellforged Servitor     Conj/Summ      45%        N/A       71%         7
 Eringya's Noxious Bog    Tmut/Pois      14%        N/A       83%         6
 Simulacrum               Ice/Necr       25%        N/A       97%         6
 Summon Hydra             Summ           14%        N/A       100%        7


Dungeon Overview and Level Annotations

Branches:
Dungeon (11/15)            Temple (1/1) D:7            Lair (0/6) D:11
    Orc (0/2) D:11

Altars:
Ashenzari
Cheibriados
Dithmenos
Elyvilon
Makhleb
Nemelex Xobeh
Ru
Sif Muna
Vehumet
Wu Jian
Xom
Yredelemnul
The Shining One


Innate Abilities, Weirdness & Mutations

Your magical capacity is low. (-10% MP)
You do not regenerate when monsters are visible.
You passively dampen the noise of your surroundings.


Message History

You block the vampire mosquito's attack.
The vampire mosquito bites you!
The vampire mosquito draws strength from your injuries!
The vampire mosquito bites you but does no damage.
The water moccasin bites you.
You are more poisoned.
The water moccasin poisons you!
The vampire mosquito bites you but does no damage.
It was a potion of mutation.
You feel extremely strange.
Your regeneration stops near monsters.
You feel less energetic.
You feel your surroundings grow quieter.
* * * LOW HITPOINT WARNING * * *
You feel very sick.
The vampire mosquito closely misses you.
The water moccasin bites you.
* * * LOW HITPOINT WARNING * * *
The vampire mosquito closely misses you.
The vampire mosquito bites you!
* * * LOW HITPOINT WARNING * * *
The vampire mosquito draws strength from your injuries!
The water moccasin bites you but does no damage.
Casting: Iskenderun's Mystic Blast (safe; 1% risk of failure)
Confirm with . or Enter, or press ? or * to list all spells.
You feel a strong surge of power!
You erupt in a blast of force!
The mystic blast hits the water moccasin!!
You kill the water moccasin!
Vehumet accepts your kill.
You feel your power returning.
The mystic blast hits the vampire mosquito!!
The vampire mosquito is severely damaged.
The vampire mosquito is knocked back by the mystic blast.
The mystic blast hits the vampire mosquito.
The vampire mosquito is lightly damaged.
The vampire mosquito is knocked back by the mystic blast.
The vampire mosquito slams into the rock wall!
The vampire mosquito is heavily damaged.
* * * LOW HITPOINT WARNING * * *
You feel very sick.
It was a potion of curing.
You feel better. The vampire mosquito bites you!
You die...

....♣...##..#<........#
......)..'...............
..♣......####......######
.......†.## #..P⌠P.'..
..........# #......#...
..........# ##.#####....
..>....†..# #.# ...
.......††.# #.# ##
.♣.....†@.# #.#
.......†.y####.##########
...♣...†..'.##...........
........y.#............#
..P...††..#####........##
..........# #..........
###.....$.# #........#
.........# #........#
######'#### #........#


You could see 2 vampire mosquitoes.

Vanquished Creatures
  Erolcha (D:9)
  4 two-headed ogres
  A necromancer (D:11)
  A lindwurm (shapeshifter) (D:10)
  An ugly thing (D:10)
  A manticore (D:6)
  Maurice (D:10)
  An unseen horror (D:10)
  Maggie (D:8)
  A komodo dragon (D:11)
  A kobold demonologist (D:7)
  3 trolls
  A wind drake (shapeshifter) (D:10)
  A hornet (D:9)
  2 shadows
  2 wraiths
  4 wyverns
  A vampire (D:7)
  16 yaks
  A basilisk (D:11)
  3 steam dragons
  4 water moccasins
  An acid dragon (D:10)
  Duvessa (D:6)
  10 orc warriors
  A swamp drake (D:11)
  5 ice beasts
  4 black bears
  An ogre (D:6)
  3 wolves (D:11)
  11 centaurs
  3 phantoms
  4 kobold brigands
  3 bullfrogs
  A gnoll sergeant (D:10)
  5 necrophages
  4 scorpions
  13 wights
  Dowan (D:6)
  11 killer bees (D:10)
  7 howler monkeys
  9 hounds
  13 orc priests
  3 gnoll shamans
  5 iguanas
  Jessica (D:2)
  9 orc wizards
  A polar bear simulacrum (D:11)
  A yak simulacrum (D:11)
  8 adders
  14 gnolls
  3 shadow imps
  4 white imps
  2 ufetubi
  2 worms
  2 dart slugs
  59 orcs
  4 endoplasms
  9 giant cockroaches
  8 goblins
  5 hobgoblins
  7 jackals
  11 kobolds
  9 quokkas
  8 ball pythons
  6 bats
  4 frilled lizards
  8 rats
356 creatures vanquished.

Vanquished Creatures (others)
  5 bushes (D:11)
  3 fungi (D:11)
  26 plants
34 creatures vanquished.

Grand Total: 390 creatures vanquished

Notes
Turn   | Place    | Note
-------+----------+-------------------------------------------
     0 | D:1      | Essalna the Deep Elf Conjurer began the quest for the Orb.
     0 | D:1      | Reached XP level 1. HP: 10/10 MP: 6/6
   234 | D:1      | Reached XP level 2. HP: 16/16 MP: 6/8
   237 | D:1      | Learned a level 2 spell: Searing Ray
   641 | D:1      | Reached skill level 1 in Fighting
   920 | D:1      | Reached XP level 3. HP: 20/20 MP: 7/10
  1070 | D:1      | Found a faded altar of an unknown god.
  1419 | D:2      | Identified the +6 whip of the Whelk {freeze, Fly}
  1471 | D:2      | Reached skill level 4 in Spellcasting
  1486 | D:2      | Found a sacrificial altar of Ru.
  1487 | D:2      | Noticed Jessica
  1489 | D:2      | Killed Jessica
  1490 | D:2      | Reached skill level 5 in Conjurations
  1490 | D:2      | Reached XP level 4. HP: 25/25 MP: 9/12
  1716 | D:2      | Learned a level 4 spell: Iskenderun's Mystic Blast
  2718 | D:3      | Noticed an orc warrior
  2720 | D:3      | Reached skill level 1 in Translocations
  2720 | D:3      | Reached XP level 5. HP: 20/30 MP: 9/14
  2862 | D:4      | Got Migenk's Grimoire of Freezing Calling
  3198 | D:3      | Killed an orc warrior
  3199 | D:3      | Reached skill level 1 in Armour
  3199 | D:3      | Reached skill level 5 in Spellcasting
  3199 | D:3      | Reached XP level 6. HP: 20/35 MP: 1/15
  4393 | D:4      | Reached XP level 7. HP: 40/40 MP: 11/17
  5097 | D:5      | Entered Level 5 of the Dungeon
  5444 | D:5      | Identified the amulet of the Castellan {Regen+ Str+4 Int-5}
  5471 | D:5      | Reached skill level 6 in Spellcasting
  5472 | D:5      | Upgraded the game from 0.29-a0-338-g1ff7896281 to
                  | 0.29-a0-341-g24ffce5b50
  5810 | D:5      | Reached XP level 8. HP: 46/46 MP: 10/19
  6503 | D:5      | Learned a level 3 spell: Ozocubu's Armour
  6574 | D:6      | Noticed a manticore
  6697 | D:6      | Noticed Dowan
  6768 | D:6      | Reached skill level 5 in Dodging
  6826 | D:6      | Reached skill level 1 in Ice Magic
  6902 | D:6      | Noticed Duvessa
  6907 | D:6      | Killed Duvessa
  6922 | D:6      | Reached skill level 7 in Spellcasting
  6943 | D:6      | Killed Dowan
  7401 | D:6      | Reached XP level 9. HP: 52/52 MP: 12/21
  7972 | D:7      | Found a staircase to the Ecumenical Temple.
  7979 | D:7      | Reached skill level 5 in Translocations
  8283 | Temple   | Entered the Ecumenical Temple
  8356 | Temple   | Became a worshipper of Vehumet
  9012 | D:6      | Killed a manticore
  9013 | D:6      | Reached skill level 8 in Spellcasting
  9326 | D:7      | Noticed a troll
  9416 | D:7      | Reached XP level 10. HP: 42/58 MP: 0/24
 10149 | D:7      | Reached * piety under Vehumet
 10149 | D:7      | Offered knowledge of Sandblast by Vehumet.
 10150 | D:7      | Reached skill level 5 in Fighting
 10252 | D:8      | Noticed Maggie
 10255 | D:8      | Killed Maggie
 10691 | D:8      | Reached skill level 9 in Spellcasting
 10930 | D:8      | Reached skill level 5 in Armour
 11447 | D:9      | Noticed Erolcha
 11460 | D:9      | Killed Erolcha
 11747 | D:9      | Noticed a two-headed ogre
 11753 | D:9      | Killed a two-headed ogre
 11754 | D:9      | Reached XP level 11. HP: 64/64 MP: 8/26
 11929 | D:9      | Offered knowledge of Scorch by Vehumet.
 11931 | D:9      | Reached ** piety under Vehumet
 12251 | D:9      | Found a shadowy altar of Dithmenos.
 12581 | D:10     | Entered Level 10 of the Dungeon
 12629 | D:10     | Noticed a lindwurm
 12629 | D:10     | a blink frog changed into a lindwurm
 12637 | D:10     | Killed a lindwurm
 12638 | D:10     | Reached skill level 10 in Spellcasting
 12789 | D:10     | Offered knowledge of Mephitic Cloud by Vehumet.
 12945 | D:10     | Reached *** piety under Vehumet
 13203 | D:10     | Noticed a two-headed ogre
 13216 | D:10     | Noticed a two-headed ogre
 13428 | D:10     | Noticed a two-headed ogre
 13439 | D:10     | Killed a two-headed ogre
 13439 | D:10     | Noticed a red ugly thing
 13516 | D:11     | Offered knowledge of Ignite Poison by Vehumet.
 13539 | D:11     | Noticed a necromancer
 13547 | D:11     | Killed a necromancer
 13639 | D:10     | Noticed Maurice
 13657 | D:10     | Killed Maurice
 13792 | D:10     | Killed a two-headed ogre
 13904 | D:10     | Killed a two-headed ogre
 13905 | D:10     | Reached skill level 11 in Spellcasting
 13905 | D:10     | Reached skill level 10 in Conjurations
 13905 | D:10     | Reached XP level 12. HP: 56/71 MP: 21/29
 14035 | D:10     | Reached **** piety under Vehumet
 14660 | D:11     | Offered knowledge of Stone Arrow by Vehumet.
 14895 | D:11     | Found a staircase to the Orcish Mines.
 14926 | D:11     | Reached skill level 1 in Shields
 15051 | D:11     | Found a staircase to the Lair.
 15176 | D:11     | Gained mutation: You do not regenerate when monsters are
                  | visible. [potion of mutation]
 15176 | D:11     | Gained mutation: Your magical capacity is low. (-10% MP)
                  | [potion of mutation]
 15176 | D:11     | Gained mutation: You passively dampen the noise of your
                  | surroundings. [potion of mutation]
 15177 | D:11     | HP: 2/71 [poisoned by a water moccasin]
 15178 | D:11     | Slain by a vampire mosquito

Illustrated notes

Levels and vault maps discovered:
D:1:      psy_arrival_dodecagon, layout_basic,
          shapermc_ecumenical_altar_mp_highgroup, minmay_worlds_worst_comb
D:2:      layout_loops_ring, basic_altar, dk_vineyard_2, uniq_jessica
D:3:      layout_loops_ring, lemuel_flame_loot_1
D:4:      layout_basic
D:5:      layout_cave_pools, kennysheep_another_room
D:6:      layout_loops_corners, uniq_duvessa
D:7:      minmay_clustersquares, layout_basic,
          minmay_temple_entry_statues_fountains, minmay_joined_circles
D:8:      layout_loops_ring, uniq_maggie
D:9:      layout_rooms, grunt_dithmenos_shadows, uniq_erolcha
D:10:     nzn_winding_woodlands_medium [nzn_winding_woodlands_5x5_open_star,
          nzn_winding_woodlands_5x15_parted, nzn_winding_woodlands_hourglass,
          nzn_winding_woodlands_5x5_perimeter,
          nzn_winding_woodlands_center_garden,
          nzn_winding_woodlands_5x5_checkerboard,
          nzn_winding_woodlands_5x5_closed_star,
          nzn_winding_woodlands_5x15_crooked,
          nzn_winding_woodlands_5x5_default], layout_basic, uniq_maurice
D:11:     layout_roguey, minmay_lair_entry_grove, erik_orc_1,
          serial_corexii_hall, corexii_hall_statues_t, corexii_hall_statues_i,
          eino_house_with_fridge
Temple:   mainiacjoe_temple_circle_huts

Skill      XL: |  1  2  3  4  5  6  7  8  9 10 11 12 |
---------------+-------------------------------------+-----
Fighting       | 1 2 3 4 5 6 |  6.8
Spellcasting   | 4 5 6 7 8 9 11 | 11.4
Conjurations   | 5 6 7 9 10 | 10.3
Translocations | 1 2 3 4 5 7 8 |  8.9
Armour         | 1 2 3 4 5 6 |  6.7
Dodging        | 3 4 5 6 8 9 |  9.9
Ice Magic      | 2 4 |  4.2
Shields        | 1 |  1.5
Stealth        | |  2.4

Action                   |  1- 3 |  4- 6 |  7- 9 | 10-12 || total
-------------------------+-------+-------+-------+-------++-------
Melee: Whip              |       |     4 |       |       ||     4
       Staff             |       |       |     1 |    21 ||    22
 Cast: Magic Dart        |    76 |   132 |   190 |   295 ||   693
       Searing Ray       |       |     5 |    38 |    21 ||    64
       Iskenderun's Myst |       |       |    14 |   112 ||   126
       Ozocubu's Armour  |       |       |       |     1 ||     1
Evoke: Wand              |       |       |       |     1 ||     1
  Use: Potion            |       |       |     1 |     4 ||     5
       Scroll            |       |       |       |     1 ||     1
 Stab: Sleeping          |       |     2 |       |       ||     2
Armor: Robe              |     2 |     4 |     6 |     2 ||    14
       Troll leather arm |       |       |       |    25 ||    25
Dodge: Dodged            |    11 |    13 |    70 |   170 ||   264
       Repelled          |     1 |       |     5 |     2 ||     8
Block: Buckler           |       |       |       |     9 ||     9

Table legend: (Time is in decaauts)
 A = Elapsed time spent in this place.
 B = Non-inter-level travel time spent in this place.
 C = Inter-level travel time spent in this place.
 D = Time resting spent in this place.
 E = Time spent auto-exploring this place.
 F = Levels seen in this place.
 G = Mean time per level.
                   A        B        C        D        E       F      G
               +--------+--------+--------+--------+--------+-----+--------+
         Total |  15190 |  14626 |    564 |    465 |  11963 |  12 | 1265.8 |
       Dungeon |  15097 |  14558 |    539 |    465 |  11909 |  11 | 1372.5 |
        Temple |     92 |     67 |     25 |      0 |     54 |   1 |   92.0 |
               +--------+--------+--------+--------+--------+-----+--------+

Top non-repeatable levels by time:
     D:7: 1900 daAuts
     D:6: 1703 daAuts
     D:4: 1657 daAuts
    D:10: 1640 daAuts
     D:3: 1391 daAuts
     D:8: 1311 daAuts
     D:5: 1297 daAuts
     D:1: 1267 daAuts
     D:9: 1019 daAuts
    D:11: 961 daAuts
     D:2: 946 daAuts
  Temple: 92 daAuts
